Map: Acropolis LE

Players

Mez

  • Race: Terran Terran
  • League: Master
  • Spawn Location: 5:00

A.I. 1 (Very Easy) - Winner!

  • Race: Zerg Zerg
  • Spawn Location: 11:00

VOD

Have the link to the VOD?

Description

Time

  • Played on: Sept. 10, 2019, 4:13 a.m.
  • Length: 9:31
Show
View Real Time Build Order
Export as new Build Order

Mez Terran 

Build Orders: Liberator Opening, Reaper Expand 

Get SALT Encoding   

  12  0:01  SCV  
  13  0:13  SCV  
  14  0:19  Supply Depot  
  14  0:25  SCV  
  15  0:41  SCV  
  15  0:42  Barracks  
  16  0:47  Refinery  
  16  0:53  SCV  
  17  1:05  SCV  
  18  1:17  SCV  
  19  1:30  Orbital Command, Reaper  
  20  1:41  Command Center  
  20  1:50  Supply Depot  
  20  1:56  SCV  
  21  2:02  Marine, Refinery  
  21  2:08  SCV  
  23  2:15  Factory  
  23  2:20  SCV  
  24  2:24  Barracks Reactor  
  24  2:32  SCV  
  25  2:44  SCV  
  26  2:54  Orbital Command  
  26  2:56  SCV  
  27  3:01  Starport  
  27  3:05  Hellion x2  
  31  3:09  SCV, Barracks Tech Lab  
  32  3:20  Liberator  
  32  3:21  SCV x2  
  32  3:26  Supply Depot, Hellion x2  
  38  3:31  Marine  
  38  3:33  SCV x2  
  44  3:45  SCV  
  44  3:46  SCV  
  46  3:50  Hellion x2  
  50  3:55  Supply Depot  
  50  3:57  Marine, SCV  
  50  4:00  SCV  
  53  4:09  SCV  
  54  4:17  SCV  
  54  4:22  Command Center, SCV  
  56  4:25  Supply Depot  
  56  4:29  SCV  
  57  4:34  SCV  
  57  4:37  Starport Reactor, Factory Reactor  
  58  4:39  Stimpack  
  58  4:41  SCV, Barracks  
  58  4:42  Barracks  
  59  4:46  SCV  
  59  4:49  Marine  
  61  4:55  SCV  
  61  4:58  SCV  
  61  4:59  Engineering Bay  
  63  5:00  Engineering Bay  
  63  5:07  SCV, Refinery  
  63  5:08  Marine, Refinery  
  63  5:10  SCV  
  66  5:20  Barracks, SCV  
  67  5:22  SCV, Starport Reactor, Barracks  
  67  5:27  Marine  
  69  5:31  Marine  
  69  5:34  Marine, SCV x2  
  69  5:35  Orbital Command  
  73  5:39  Marine x2  
  73  5:42  Widow Mine x2  
  79  5:44  Marine, Terran Infantry Armor Level 1, Terran Infantry Weapons Level 1  
  79  5:49  Marine, SCV  
  83  5:50  SCV  
  83  5:51  Marine  
  83  5:53  Supply Depot  
  83  5:55  Orbital Command  
  84  5:58  Supply Depot  
  84  6:11  Marine  
  84  6:12  Supply Depot  
  84  6:13  Barracks Reactor, Armory  
  84  6:14  Barracks Reactor  
  84  6:15  Medivac x2, Widow Mine x2  
  93  6:19  Combat Shield  
  93  6:21  SCV x3  
  96  6:28  Marine  
  96  6:29  Marine x3  
  100  6:33  SCV x2, Supply Depot  
  100  6:38  Marine  
  103  6:41  Supply Depot, Widow Mine x2  
  103  6:42  SCV  
  103  6:45  SCV  
  109  6:53  Supply Depot  
  109  6:54  Marine  
  109  6:55  SCV x2, Medivac x2  
  109  7:00  Marine  
  117  7:03  Marine x7, SCV  
  117  7:06  Supply Depot  
  117  7:08  Supply Depot  
  125  7:12  Marine, SCV, Widow Mine x2  
  131  7:16  Factory, Terran Vehicle Weapons Level 1  
  131  7:20  Marine x2  
  133  7:24  Marine  
  133  7:25  Marine x5  
  133  7:29  Refinery  
  139  7:30  Marine  
  139  7:31  Refinery  
  139  7:32  Supply Depot  
  139  7:33  Supply Depot  
  140  7:38  Marine x2  
  140  7:42  Marine x2  
  140  7:43  Widow Mine x2  
  148  7:44  Medivac x2  
  148  7:51  SCV x3  
  155  7:53  Marine x2  
  155  7:54  Marine x3  
  155  7:56  Supply Depot x2  
  160  8:00  Factory Tech Lab  
  160  8:03  SCV x2  
  162  8:10  Marine x4  
  166  8:14  Widow Mine x2  
  166  8:19  Supply Depot  
  170  8:20  Supply Depot  
  170  8:37  Marine x9  
  170  8:39  Widow Mine x3  
  185  8:44  Command Center, Medivac x2  
  189  8:53  Barracks  
  189  8:54  Barracks  
  187  8:57  Barracks  
  187  9:02  Marine x5  
  190  9:09  Marine  
  190  9:10  Marine x3  
Show
View Real Time Build Order
Export as new Build Order

A.I. 1 (Very Easy) Zerg - Winner!

Build Orders: Pool Only 

Get SALT Encoding   

  12  0:00  Drone  
  13  0:12  Overlord  
  13  0:16  Drone  
  14  0:34  Spawning Pool  
  13  0:37  Drone  
  13  0:41  Extractor  
  13  0:44  Drone  
  14  0:52  Overlord  
  14  1:21  Zergling x2  
  14  1:22  Queen  
  17  1:32  Roach Warren  
  16  1:33  Extractor  
  16  1:36  Drone  
  16  1:44  Drone  
  17  1:48  Zergling x2  
  18  2:03  Drone  
  19  2:10  Drone  
  19  2:14  Zergling x2  
  21  2:19  Drone  
  22  2:29  Overlord  
  22  2:34  Drone  
  23  2:41  Roach, Drone  
  26  2:48  Drone  
  27  4:12  Zergling x2  
  27  5:03  Drone  
  24  5:10  Drone  
  24  5:17  Zergling x2  
  24  5:18  Drone  
  24  5:25  Drone  
  20  5:32  Drone  
  20  5:39  Drone  
  19  5:43  Zergling x2  
  19  5:46  Drone  
  20  5:53  Drone  
  20  6:01  Drone  
  20  6:08  Drone  
  20  6:10  Zergling x2  
  21  6:15  Drone  
  21  6:22  Drone  
  21  6:30  Drone  
  20  6:36  Roach  
  20  6:37  Drone  
  21  6:44  Drone  
  21  6:51  Drone  
  21  6:58  Drone  
  19  7:03  Zergling x2  
  19  7:09  Lair  
  19  7:14  Drone  
  19  7:21  Drone  
  19  7:28  Drone  
  19  7:32  Roach  
  19  7:45  Drone  
  20  7:52  Drone  
  19  7:59  Drone  
  19  8:00  Zergling x2  
  20  8:06  Overseer x2  
  20  8:07  Drone  
  20  8:14  Drone  
  19  8:21  Drone  
  19  8:22  Queen  
  19  8:29  Zergling x2, Drone  
  8  8:36  Overseer, Drone  
  5  8:43  Drone  
  5  8:50  Drone  
  5  8:57  Drone  
  5  9:06  Drone  
  4  9:11  Overseer  
Tags
 
Add a new tag
Caveats
  • Supply blocks, unpowered buildings, or Contaminate may cause inaccurate times.
  • Supply counts are checked every 10 seconds.